 Dungeon Crawl Stone Soup version 0.27-a0-103-g6cd7b45605 (webtiles) character file.

Game seed: 2082688487850155086

51 Ishchenko the Insei (level 4, 0/35 HPs)
             Began as a Human Monk on Jan 23, 2021.
             Succumbed to Terence's poison
             ... on level 2 of the Dungeon.
             The game lasted 00:03:12 (2051 turns).

Ishchenko the Insei (Human Monk)                    Turns: 2051, Time: 00:03:13

Health: 0/35       AC:  2    Str: 13    XL:     4   Next: 7%
Magic:  1/4        EV: 14    Int: 10    God:
Gold:   59         SH:  0    Dex: 15    Spells: 3/3 levels left

rFire    . . .     SeeInvis .     - Unarmed
rCold    + . .     Faith    .   (no shield)
rNeg     . . .     Spirit   +   a - +0 robe
rPois    .         Reflect  .   (no helmet)
rElec    .         Harm     .   (no cloak)
rCorr    .         Rampage  .   (no gloves)
Will     .....                  (no boots)
Stlth    +++.......             b - amulet of guardian spirit
HPRegen  0.11/turn              j - ring of stealth
MPRegen  0.09/turn              l - ring of protection from cold

@: lethally poisoned (0 -> -21), hasted, very quick
A: no striking features
a: no special abilities


You were on level 2 of the Dungeon.
You visited 1 branch of the dungeon, and saw 2 of its levels.

You collected 59 gold pieces.

Inventory:

Armour
 a - a +0 robe (worn)
Jewellery
 b - an amulet of guardian spirit (around neck)
 j - a ring of stealth (left hand)
 l - a ring of protection from cold (right hand)
 r - an uncursed ring of positive energy {unknown}
Wands
 q - a wand of digging (5)
Scrolls
 c - 3 scrolls of remove curse {unknown}
 d - a scroll of blinking {unknown}
 e - 2 scrolls of teleportation {unknown}
 h - 3 scrolls of enchant armour {unknown}
 n - a scroll of identify {unknown}
Potions
 m - a potion of ambrosia {unknown}
 o - a potion of brilliance {unknown}


   Skills:
 + Level 3.2 Fighting
 + Level 3.4 Dodging
 + Level 2.7 Stealth
 + Level 3.7 Unarmed Combat


You had 3 spell levels left.
You didn't know any spells.
Your spell library was empty.

Dungeon Overview and Level Annotations

Branches:
Dungeon (2/15)

Altars:
Hepliaklqana

Annotations:
D:2 Terence


Message History

You feel sick.
You closely miss Terence.
Terence is moderately wounded.
* * * LOW HITPOINT WARNING * * *
You feel sick. Terence barely misses you.
You hit Terence but do no damage.
Terence is moderately wounded.
* * * LOW HITPOINT WARNING * * *
You feel sick. Terence closely misses you.
You hit Terence but do no damage.
Terence is moderately wounded.
* * * LOW HITPOINT WARNING * * *
You feel sick.
You hit Terence but do no damage.
Terence is moderately wounded.
* * * LOW HITPOINT WARNING * * *
You feel sick. Terence barely misses you.
You hit Terence but do no damage.
Terence is moderately wounded.
You die...

#......# #.####.# ###
#.##.#.######## #.#
#.............# #######
#.########.######.#
#.....#####...............#.#
#.##...#.....##.#####.....#.#
#.##...#......@..........>#.#
#@##...#......@..####.##....#
#.##...#...........)#.##....#
###.##...#.........#....##....#
..#.##...####.#....#######....#
..#.##...# #.#...............#
..#.##...####.##.#########....#
###.##.....................^..#
# #..............#########...##
#############.#...(........###


You could see Terence.

Vanquished Creatures
  A gnoll (D:1)
  An ooze (D:2)
  2 dart slugs
  A leopard gecko (D:1)
  2 bats
  3 giant cockroaches
  3 goblins
  3 hobgoblins
  8 kobolds
  3 frilled lizards (D:1)
  5 rats
32 creatures vanquished.

Notes
Turn   | Place    | Note
-------+----------+-------------------------------------------
     0 | D:1      | Ishchenko the Human Monk began the quest for the Orb.
     0 | D:1      | Reached XP level 1. HP: 18/18 MP: 1/1
   284 | D:1      | Reached XP level 2. HP: 24/24 MP: 2/2
   584 | D:1      | Reached XP level 3. HP: 13/29 MP: 1/3
  1481 | D:2      | Found a hazy altar of Hepliaklqana.
  1486 | D:2      | Reached XP level 4. HP: 35/35 MP: 4/4
  1772 | D:2      | Noticed Terence
  1788 | D:2      | HP: 1/35 [Terence/+1 trident of venom (2)]
  1805 | D:2      | HP: 1/35 [poisoned by Terence]
  2050 | D:2      | HP: 1/35 [poisoned by Terence]
  2051 | D:2      | Succumbed to Terence's poison

Illustrated notes

Levels and vault maps discovered:
D:1:      dpeg_arrival_arbitrary_b, layout_basic, minmay_split_cup_large
D:2:      layout_basic, lemuel_crystal_altar, uniq_terence

Action                   |  1- 3 |  4- 6 || total
-------------------------+-------+-------++-------
Melee: Unarmed           |    86 |    50 ||   136
       Punch             |     3 |     1 ||     4
  Use: Potion            |       |     7 ||     7
 Stab: Sleeping          |    11 |     2 ||    13
Armor: Robe              |     9 |     4 ||    13
Dodge: Dodged            |    43 |    17 ||    60

Table legend: (Time is in decaauts)
 A = Elapsed time spent in this place.
 B = Non-inter-level travel time spent in this place.
 C = Inter-level travel time spent in this place.
 D = Time resting spent in this place.
 E = Time spent auto-exploring this place.
 F = Levels seen in this place.
 G = Mean time per level.
                   A        B        C        D        E       F      G
               +--------+--------+--------+--------+--------+-----+--------+
         Total |   2019 |   2003 |     16 |    156 |   1496 |   2 | 1009.5 |
       Dungeon |   2019 |   2003 |     16 |    156 |   1496 |   2 | 1009.5 |
               +--------+--------+--------+--------+--------+-----+--------+

Top non-repeatable levels by time:
     D:1: 1177 daAuts
     D:2: 842 daAuts
